 Dungeon Crawl Stone Soup version 0.21.1-1-g345015f (webtiles) character file.

2683 troglodite the Skirmisher (level 9, -18/74 HPs)
             Began as a Demonspawn Berserker on July 22, 2018.
             Was an Elder of Trog.
             Killed from afar by Rwicked's ghost (34 damage)
             ... with a stone arrow
             ... on level 7 of the Dungeon.
             The game lasted 00:17:41 (6364 turns).

troglodite the Skirmisher (Demonspawn Berserker)    Turns: 6364, Time: 00:17:41

Health: -18/74     AC: 11    Str: 17    XL:     9   Next: 37%
Magic:  9/9        EV: 13    Int:  8    God:    Trog [****..]
Gold:   357        SH:  9    Dex: 17    Spells: 8/8 levels left

rFire    . . .     SeeInvis .   t - +1 dagger (flame)
rCold    + . .     Gourm    .   q - +0 shield
rNeg     . . .     Faith    .   l - +1 troll leather armour
rPois    .         Spirit   .   u - +0 helmet
rElec    .         Reflect  .   g - +0 cloak
rCorr    .         Harm     .   (no gloves)
MR       +....                  b - +0 pair of boots
Stlth    ++........             (no amulet)
HPRegen  0.62/turn              y - ring of protection from magic
MPRegen  0.11/turn              (no ring)

@: berserk cooldown, slowed, very slow
A: hooves 2, rugged brown scales 2, cold resistance 1
a: Berserk, Trog's Hand, Brothers in Arms, Burn Spellbooks, Renounce Religion


You were on level 7 of the Dungeon.
You worshipped Trog.
Trog was greatly pleased with you.
You were hungry.

You visited 1 branch of the dungeon, and saw 7 of its levels.

You collected 357 gold pieces.

Inventory:

Hand Weapons
 a - a +0 falchion
 t - a +1 dagger of flaming (weapon)
Armour
 b - a +0 pair of boots (worn)
 g - a +0 cloak (worn)
 l - a +1 troll leather armour (worn)
 q - a +0 shield (worn)
 u - a +0 helmet (worn)
Jewellery
 y - a ring of protection from magic (left hand)
Wands
 k - a wand of digging (9)
 m - a wand of random effects (42)
 p - a wand of acid (12)
Scrolls
 d - 7 scrolls of identify
 h - a scroll of blinking
 i - a scroll of remove curse
 n - 4 scrolls of teleportation
 v - a scroll of immolation
 w - 2 scrolls of fog {unknown}
 z - a scroll of silence {unknown}
Potions
 e - 3 potions of curing
 f - a potion of mutation {unknown}
 j - 2 potions of magic
 o - 3 potions of lignification {unknown}
 r - a potion of cancellation {unknown}
 s - a potion of brilliance
 x - 2 potions of heal wounds {unknown}
 A - 2 potions of flight {unknown}
Comestibles
 c - 14 rations
 B - 3 chunks of flesh


   Skills:
 * Level 6.8 Fighting
 + Level 2.9(4.9) Short Blades
 + Level 6.0(6.4) Long Blades
 * Level 4.9 Armour
 * Level 6.0 Dodging
 + Level 1.9 Stealth
 * Level 2.3 Shields


You had 8 spell levels left.
You didn't know any spells.

Dungeon Overview and Level Annotations

Branches:
Dungeon (7/15)             Temple (0/1) D:4

Altars:
Elyvilon
Fedhas
Hepliaklqana
Kikubaaqudgha
Nemelex Xobeh
Qazlal
Ru
Xom
Zin

Annotations:
D:7 Rwicked's ghost, novice GrEE


Innate Abilities, Weirdness & Mutations

You have hoof-like feet.
You are mostly covered in rugged brown scales. (AC +2, +5% HP)
Your flesh is cold resistant. (rC+)


Message History

Rwicked's ghost is severely damaged.
You puncture Rwicked's ghost!
Rwicked's ghost is almost destroyed.
You are no longer berserk.
You are exhausted.
You feel yourself slow down. Rwicked's ghost casts a spell at you.
The stone arrow hits you!
You hit Rwicked's ghost but do no damage.
Rwicked's ghost is almost destroyed.
You block Rwicked's ghost's attack.
Unknown command.
You closely miss Rwicked's ghost.
Rwicked's ghost is almost destroyed.
Rwicked's ghost gestures at you while chanting.
The stone arrow hits you!
* * * LOW HITPOINT WARNING * * *
Rwicked's ghost points at you and mumbles some strange words.
The stone arrow hits you!
You die...

... #.# #.# #.# #.# #.#
#.# #.# #.# #.# #.#
########.# #.####.#
#........# #.#
######<.....# #.######.#
.............###### #.#
#.#
..##########.##.#.####.#
#.### ..# ######
#...W@([....# #..>. ..#
#....#####.##.#.####
#.### ..#
#.##..........#.# #.#
..###.#############.#
#.### ......# #.# #....
..##### #####.# #####
..#############.....#
..#............^....#
..#.#####.#####.###.#


You could see Rwicked's ghost.

Vanquished Creatures
  A hippogriff (D:7)
  Sigmund (D:3)
  The ghost of yogakurto the Chiller, an amateur TrIE (D:3)
  Eustachio (D:4)
  A sky beast (D:5)
  An ice beast (D:3)
  4 phantoms
  A centaur (D:7)
  2 ogres
  A crocodile (D:7)
  A bullfrog (D:7)
  A gnoll sergeant (D:6)
  A scorpion (D:5)
  A centaur zombie (D:5)
  3 hounds
  2 bullfrog skeletons
  8 orc priests
  An iguana (D:6)
  Jessica (D:2)
  5 orc wizards
  Crazy Yiuf (D:2)
  3 worker ants
  7 gnolls
  A howler monkey skeleton (D:7)
  8 adders
  4 shadow imps
  An adder skeleton (D:6)
  4 worms
  4 dart slugs
  5 leopard geckos
  34 orcs
  7 giant cockroaches
  8 goblins
  3 hobgoblins
  17 jackals
  6 kobolds
  2 quokkas
  6 bats
  2 frilled lizards
  2 leopard gecko skeletons (D:5)
  2 quokka skeletons (D:6)
  A quokka zombie (D:5)
  4 rats
170 creatures vanquished.

Notes
Turn   | Place    | Note
-------+----------+-------------------------------------------
     0 | D:1      | troglodite the Demonspawn Berserker began the quest for the Orb.
     0 | D:1      | Reached XP level 1. HP: 18/18 MP: 1/1
   271 | D:1      | Gained mutation: Your flesh is cold resistant. (rC+) [demonic ancestry]
   271 | D:1      | Reached XP level 2. HP: 24/24 MP: 2/2
   705 | D:2      | Noticed an angel
   716 | D:2      | Found a glowing silver altar of Zin.
   753 | D:2      | Found a shimmering altar of Xom.
   763 | D:2      | Reached ** piety under Trog
   837 | D:2      | Reached XP level 3. HP: 22/29 MP: 3/3
  1007 | D:2      | Noticed Jessica
  1017 | D:2      | Killed Jessica
  1098 | D:2      | Gained mutation: You have large cloven feet. [demonic ancestry]
  1098 | D:2      | Reached XP level 4. HP: 32/37 MP: 4/4
  1327 | D:2      | Found a runed door.
  1331 | D:2      | Noticed Crazy Yiuf
  1334 | D:2      | Killed Crazy Yiuf
  1438 | D:3      | Noticed Sigmund
  1446 | D:3      | Killed Sigmund
  1446 | D:3      | Gained mutation: You are partially covered in rugged brown scales. (AC +1, +3% HP) [demonic ancestry]
  1446 | D:3      | Reached XP level 5. HP: 44/44 MP: 5/5
  1476 | D:3      | Reached XP level 6. HP: 50/50 MP: 6/6
  1508 | D:3      | Found a blossoming altar of Fedhas.
  1747 | D:3      | Reached *** piety under Trog
  1799 | D:3      | Noticed yogakurto's ghost (amateur TrIE)
  1809 | D:3      | Killed yogakurto's ghost
  1809 | D:3      | Reached skill level 1 in Stealth
  1907 | D:3      | Gained mutation: You have hoof-like feet. [demonic ancestry]
  1907 | D:3      | Reached XP level 7. HP: 44/56 MP: 7/7
  2267 | D:4      | Reached skill level 5 in Fighting
  2267 | D:4      | Reached skill level 5 in Long Blades
  2278 | D:4      | Found a staircase to the Ecumenical Temple.
  2653 | D:4      | Noticed Eustachio
  2739 | D:4      | Killed Eustachio
  2739 | D:4      | Gained mutation: You are mostly covered in rugged brown scales. (AC +2, +5% HP) [demonic ancestry]
  2739 | D:4      | Reached XP level 8. HP: 57/66 MP: 8/8
  2941 | D:4      | Found a stormy altar of Qazlal.
  3079 | D:4      | Reached skill level 5 in Dodging
  3189 | D:4      | Found a hazy altar of Hepliaklqana.
  3356 | D:4      | Reached **** piety under Trog
  3460 | D:5      | Entered Level 5 of the Dungeon
  3817 | D:5      | Reached skill level 1 in Short Blades
  3894 | D:5      | Found an ancient bone altar of Kikubaaqudgha.
  4020 | D:5      | Found a white marble altar of Elyvilon.
  4727 | D:6      | Reached XP level 9. HP: 65/73 MP: 9/9
  4843 | D:6      | Reached skill level 1 in Shields
  4862 | D:6      | Reached ***** piety under Trog
  5060 | D:6      | Found a sparkling altar of Nemelex Xobeh.
  5385 | D:7      | Found a sacrificial altar of Ru.
  5547 | D:7      | Noticed Rwicked's ghost (novice GrEE)
  6364 | D:7      | Killed from afar by Rwicked's ghost

Skill      XL: |  1  2  3  4  5  6  7  8  9 |
---------------+----------------------------+-----
Armour         | 2 3 4 |  4.9
Dodging        | 2 3 4 5 6 |  6.0
Long Blades    | 3 4 5 6 |  6.0
Fighting       | 4 5 6 |  6.8
Stealth        | 1 |  1.9
Short Blades   | 2 |  2.9
Shields        | 2 |  2.3

Action                   |  1- 3 |  4- 6 |  7- 9 || total
-------------------------+-------+-------+-------++-------
Melee: Falchion          |    83 |   117 |   153 ||   353
       Kick              |       |    42 |    79 ||   121
       Dagger            |       |       |   490 ||   490
Invok: Berserk           |     1 |     4 |    15 ||    20
       Burn Spellbooks   |       |       |     2 ||     2
  Use: Scroll            |       |       |    12 ||    12
       Potion            |       |       |     1 ||     1
 Stab: Sleeping          |       |       |     3 ||     3
  Eat: Chunk             |     2 |     6 |    22 ||    30
       Ration            |       |       |     2 ||     2
Armor: Animal skin       |    18 |       |       ||    18
       Troll leather arm |     1 |    36 |   201 ||   238
Dodge: Dodged            |    61 |    74 |   402 ||   537
Block: Shield            |       |       |   103 ||   103
       Rpst.: Falchion   |    19 |    17 |    56 ||    92
